 Dungeon Crawl Stone Soup version 0.27-a0-1312-g5cdb2b3542 (webtiles) character file.

Game seed: 10887911299383872182

17 junkies the Insei (level 2, 0/14 HPs)
             Began as a Vine Stalker Transmuter on June 19, 2021.
             Was a Follower of Fedhas.
             Slain by an adder (2 damage)
             ... on level 2 of the Dungeon.
             The game lasted 00:04:57 (1254 turns).

junkies the Insei (Vine Stalker Transmuter)         Turns: 1254, Time: 00:04:57

Health: 0/14       AC:  2    Str: 12    XL:     2   Next: 62%
Magic:  0/6        EV: 12    Int: 13    God:    Fedhas [*.....]
Gold:   52         SH:  0    Dex: 14    Spells: 4/5 levels left

rFire    . . .     SeeInvis .     - Unarmed
rCold    . . .     Faith    .   (no shield)
rNeg     . . .     Spirit   +   a - +0 robe
rPois    .         Reflect  .   (helmet currently unavailable)
rElec    .         Harm     .   (no cloak)
rCorr    .         Rampage  .   (no gloves)
Will     .....                  (boots currently unavailable)
Stlth    +.........             (no amulet)
HPRegen  0.04/turn              (no ring)
MPRegen  0.10/turn              (no ring)

@: lethally poisoned (0 -> -3), appendages (expiring), very slightly
contaminated
A: horns 2, talons 2, fangs 2, magic shield, antimagic bite, no potion heal 2
a: End Transformation, Renounce Religion


You were on level 2 of the Dungeon.
You worshipped Fedhas.
Fedhas was aware of your devotion.
You had temporarily grown beastly horns and talons.
You visited 1 branch of the dungeon, and saw 2 of its levels.

You collected 52 gold pieces.

Inventory:

Hand Weapons
 e - a +0 hunting sling
Missiles
 c - 47 stones
Armour
 a - a +0 robe (worn)
Scrolls
 b - a scroll of identify {unknown}
 f - a scroll of noise {unknown}
 h - a scroll of fog {unknown}
Potions
 d - a potion of haste {unknown}
 g - a potion of heal wounds {unknown}


   Skills:
 - Level 1.2 Fighting
 - Level 1.5 Dodging
 + Level 3.2 Unarmed Combat
 - Level 2.1 Spellcasting
 * Level 2.5 Transmutations


You had 4 spell levels left.
You knew the following spells:

 Your Spells              Type           Power      Damage    Failure   Level
a - Beastly Appendage     Tmut           16%        N/A       9%          1

Your spell library contained the following spells:

 Spells                   Type           Power      Damage    Failure   Level
 Wereblood                Tmut           8%         N/A       13%         2
 Spider Form              Tmut/Pois      2%         N/A       41%         3
 Ice Form                 Ice/Tmut       4%         N/A       83%         4


Dungeon Overview and Level Annotations

Branches:
Dungeon (2/15)

Altars:
Fedhas

Shops:
D:1 [


Innate Abilities, Weirdness & Mutations

You have temporarily grown beastly horns and talons.
You have extremely sharp teeth.
When hurt, damage is shared between your health and your magic reserves.
Your bite disrupts and absorbs the magic of your enemies.
Potions cannot restore your health.


Message History

c - 47 stones (gained 16)
An adder comes into view.
You closely miss the adder.
The adder hisses angrily.
The adder bites you.
Casting: Beastly Appendage (safe; 9% risk of failure)
Confirm with . or Enter, or press ? or * to list all spells.
You miscast Beastly Appendage.
You are very lightly contaminated with residual magic.
Nothing appears to happen.
The adder bites you.
You barely miss the adder. You bite the adder, but do no damage.
The adder completely misses you. The adder barely misses you.
Casting: Beastly Appendage (safe; 9% risk of failure)
Confirm with . or Enter, or press ? or * to list all spells.
You grow a pair of large bovine horns.
Your feet morph into talons.
The adder bites you.
You are poisoned.
The adder poisons you!
You closely miss the adder. You claw the adder. Your headbutt misses the adder.
You bite the adder. You drain its power.
You feel invigorated.
The adder is heavily wounded.
You feel sick. The adder misses you.
You closely miss the adder. You headbutt the adder.
The adder is severely wounded.
You feel sick. The adder bites you but does no damage.
You closely miss the adder. Your kick misses the adder. You headbutt the adder.
You bite the adder, but do no damage.
The adder is almost dead.
You feel sick. The adder bites you.
* * * LOW HITPOINT WARNING * * *
You are lethally poisoned!
The adder poisons you! The adder barely misses you.
You closely miss the adder. Your kick misses the adder.
Your headbutt misses the adder.
The adder is almost dead.
Your transformation is almost over.
* * * LOW HITPOINT WARNING * * *
You feel sick. The adder bites you.
You die...
Fedhas appreciates your contribution to the ecosystem.

.# #≈ # . #≈≈≈≈ ≈≈
. #. #≈≈#≈ ≈# .#
#..##≈≈≈ ≈ #.#
#.(.≈≈≈≈#≈ #..#
#...###≈≈##≈..##.#
#.....##≈≈........
#........@.....##.
#.....S#######
...#..<..#
#.......#
#....#....#
.........###
#########r# .. #.$


You could see an adder.

Vanquished Creatures
  A dart slug (D:1)
  3 ball pythons (D:1)
  An endoplasm (D:1)
  A giant cockroach (D:1)
  2 hobgoblins (D:1)
  A kobold (D:1)
  A frilled lizard (D:1)
  2 goblins (D:1)
  3 rats (D:1)
15 creatures vanquished.

Notes
Turn   | Place    | Note
-------+----------+-------------------------------------------
     0 | D:1      | junkies the Vine Stalker Transmuter began the quest for the
                  | Orb.
     0 | D:1      | Reached XP level 1. HP: 9/9 MP: 4/4
    41 | D:1      | Reached skill level 1 in Fighting
   108 | D:1      | Found Tatwuoq's Antique Armour Shop.
   144 | D:1      | Found a faded altar of an unknown god.
   147 | D:1      | Became a worshipper of Fedhas Madash
   147 | D:1      | Reached * piety under Fedhas
   548 | D:1      | Reached XP level 2. HP: 14/14 MP: 4/6
  1254 | D:2      | Slain by an adder

Illustrated notes

Levels and vault maps discovered:
D:1:      ebering_trefoil_3fold, layout_rooms,
          hellmonk_ecumenical_altar_inner_sanctum, serial_shops,
          nicolae_shop_trees, patterned_corridor
D:2:      layout_rooms, minivault_4

Skill      XL: |  1 |
---------------+----+-----
Fighting       | 1 |  1.2
Dodging        | |  1.5
Unarmed Combat | |  3.2
Spellcasting   | |  2.1
Transmutations | |  2.5

Action                   || total
-------------------------++-------
Melee: Unarmed           ||    36
       Kick              ||     7
       Bite              ||     6
       Headbutt          ||     2
 Cast: Beastly Appendage ||    11
 Stab: Sleeping          ||     1
Armor: Robe              ||    10
Dodge: Dodged            ||    23

Table legend: (Time is in decaauts)
 A = Elapsed time spent in this place.
 B = Non-inter-level travel time spent in this place.
 C = Inter-level travel time spent in this place.
 D = Time resting spent in this place.
 E = Time spent auto-exploring this place.
 F = Levels seen in this place.
 G = Mean time per level.
                   A        B        C        D        E       F      G
               +--------+--------+--------+--------+--------+-----+--------+
         Total |   1253 |   1131 |    122 |    247 |    447 |   2 |  626.5 |
       Dungeon |   1253 |   1131 |    122 |    247 |    447 |   2 |  626.5 |
               +--------+--------+--------+--------+--------+-----+--------+

Top non-repeatable levels by time:
     D:1: 1236 daAuts
     D:2: 17 daAuts
